 Dungeon Crawl Stone Soup version 0.25-a0-517-gf8b3a32422 (webtiles) character file.

Game seed: 14198413205838044584, levelgen mode: classic

147546 EnegeticOcto the Severer (level 16, 63/166 HPs)
             Began as a Deep Dwarf Fighter on Feb 17, 2020.
             Was a High Priest of Makhleb.
             Quit the game on level 4 of the Shoals.
             The game lasted 00:16:53 (17066 turns).

EnegeticOcto the Severer (Deep Dwarf Fighter)      Turns: 17066, Time: 00:16:54

Health: 63/166     AC: 35    Str: 27    XL:     16   Next: 62%
Magic:  2/2        EV: 16    Int:  9    God:    Makhleb [*****.]
Gold:   2176       SH:  0    Dex: 15    Spells: 15/15 levels left

rFire    . . .     SeeInvis .   B - +4 battleaxe (freeze)
rCold    . . .     Gourm    .   (shield currently unavailable)
rNeg     + . .     Faith    .   c - +6 storm dragon scales {Bai Suzhen}
rPois    .         Spirit   .   a - +0 helmet
rElec    +         Reflect  .   D - +0 cloak
rCorr    .         Harm     .   r - +2 pair of gloves {Dex+3}
MR       ++...                  x - +2 pair of boots
Stlth    ..........             I - amulet of the acrobat
HPRegen  0.00/turn              (no ring)
MPRegen  0.08/turn              l - +3 ring of protection

@: non-regenerating
A: damage resistance, heal wounds, negative energy resistance 1, sense
surroundings 2, no regeneration
}: 1/15 runes: gossamer
a: Heal Wounds, Minor Destruction, Lesser Servant of Makhleb, Major Destruction,
Greater Servant of Makhleb, Renounce Religion


You were on level 4 of the Shoals.
You worshipped Makhleb.
Makhleb was extremely pleased with you.
You were hungry.

You visited 5 branches of the dungeon, and saw 30 of its levels.
You also visited: Bailey.

You collected 2176 gold pieces.

Inventory:

Hand Weapons
 B - a +4 battleaxe of freezing (weapon)
Missiles
 y - 2 throwing nets (quivered)
Armour
 a - a +0 helmet (worn)
 c - +6 storm dragon scales (worn) {Bai Suzhen}
 r - a +2 pair of gloves of dexterity (worn)
 x - a +2 pair of boots (worn)
 D - a +0 cloak (worn)
Jewellery
 l - a +3 ring of protection (right hand)
 I - an amulet of the acrobat (around neck)
 N - an uncursed ring of fire
Wands
 b - a wand of flame (68)
 g - a wand of paralysis (4)
 q - a wand of iceblast (18)
 u - a wand of polymorph (10)
 w - a wand of acid (23) {@V1}
 R - a wand of clouds (4)
Scrolls
 d - 6 scrolls of fear
 h - 4 scrolls of blinking {@r3}
 j - 13 scrolls of teleportation {@r2}
 A - 3 scrolls of summoning
 H - a scroll of silence
 J - 4 scrolls of fog
 K - 2 scrolls of immolation {@r4}
 M - 3 scrolls of magic mapping {@r5}
Potions
 f - 8 potions of agility
 i - 4 potions of ambrosia
 k - 5 potions of might {@q3}
 m - a potion of resistance {@q6}
 n - 4 potions of haste {@q4}
 o - 4 potions of brilliance
 p - 2 potions of invisibility
 t - a potion of mutation
 v - 4 potions of curing {@q1}
 z - 4 potions of cancellation
 C - 4 potions of heal wounds {@q2}
 F - 2 potions of magic
 G - 5 potions of lignification {@q7}
Comestibles
 e - 36 rations


   Skills:
 * Level 16.3 Fighting
 * Level 16.9 Axes
 + Level 12.9 Armour
 + Level 12.4 Dodging
   Level 7.1 Shields
 + Level 14.1 Invocations


You had 15 spell levels left.
You didn't know any spells.
Your spell library contained the following spells:

 Spells                   Type           Power        Failure   Level  Hunger
 Animate Skeleton         Necr           N/A          85%         1    ##.....
 Magic Dart               Conj           #...         85%         1    ##.....
 Pain                     Necr           #...         85%         1    ##.....
 Ensorcelled Hibernation  Hex/Ice        #.....       94%         2    ###....
 Searing Ray              Conj           #.....       94%         2    ###....
 Dazzling Flash           Conj/Hex       #.....       99%         3    ####...
 Vampiric Draining        Necr           #.........   99%         3    ####...
 Animate Dead             Necr           N/A          100%        4    #####..
 Fulminant Prism          Conj/Hex       #.........   100%        4    #####..
 Iskenderun's Mystic Bla  Conj/Tloc      #.......     100%        4    #####..
 Agony                    Necr           #.......     100%        5    ######.
 Borgnjor's Vile Clutch   Necr/Erth      #.........   100%        5    ######.
 Silence                  Hex/Air        #.........   100%        5    ######.
 Darkness                 Hex            #.........   100%        6    #######
 Shadow Creatures         Summ           N/A          100%        6    #######


Dungeon Overview and Level Annotations

Branches:
Dungeon (15/15)            Temple (1/1) D:5            Lair (6/6) D:10
 Shoals (4/4) Lair:4       Spider (4/4) Lair:3        Slime (0/5) Lair:6
    Orc (0/2) D:10         Vaults (0/5) D:14         Depths (0/5) D:15
 Bailey (visited)

Altars:
Ashenzari
Cheibriados
Dithmenos
Elyvilon
Fedhas
Gozag
Hepliaklqana
Kikubaaqudgha
Makhleb
Nemelex Xobeh
Okawaru
Qazlal
Ru
Sif Muna
Trog
Uskayaw
Vehumet
Wu Jian
Yredelemnul
Zin
The Shining One
Jiyva

Shops:
D:10 }   Shoals:2 [   Shoals:3 :}

Portals:
Abyss: D:5
Trove: D:11 (give +6 demon blade)

Annotations:
D:5 2 transporters, Esekla's ghost, amateur DEWz
D:6 1 transporter
Lair:3 exclusion: oklob plant
Lair:5 exclusion: 3 oklob plants
Shoals:4 Mara


Innate Abilities, Weirdness & Mutations

You are resistant to damage.
You can heal yourself by infusing magical energy.
You resist negative energy. (rN+)
You passively map the area around you.
You do not regenerate.


Message History

Moving in this stuff is going to be slow.
Mara blinks!
The merfolk siren completely misses you.
Mara gestures.
Mara seems to draw your balrug out of itself!
Mara hits you from afar with a +2 demon trident of flaming!
Mara burns you.
You see here a sea snake corpse.
You slash the merfolk siren! You freeze the merfolk siren.
The merfolk siren is almost dead.
The balrug hits your green death with a +0 demon whip!
Your green death is engulfed in flames!
Your blizzard demon barely misses the balrug.
Your blizzard demon hits the balrug!
The merfolk siren barely misses you.
Mara blinks!
Your balrug hits Mara but does no damage.
The balrug gestures at you.
The sticky flame hits you but does no damage.
You are covered in liquid flames!
You hit the merfolk siren but do no damage.
The merfolk siren is almost dead.
You are covered in liquid flames!
Mara gestures.
There is a horrible, sudden wrenching feeling in your soul!
Mara hits you from afar with a +2 demon trident of flaming.
Mara burns you.
The merfolk siren chants its luring song.
Your balrug hits Mara with a +0 demon whip!!
Mara is engulfed in flames.
Mara resists.
The balrug hits your blizzard demon with a +0 demon whip!
Your blizzard demon is engulfed in flames!!!
Your blizzard demon is burned terribly!
You slice the merfolk siren!! You freeze the merfolk siren.
You are no longer entranced.
You kill the merfolk siren!
Makhleb accepts your kill.
You feel better.
You are covered in liquid flames!
Your green death gestures at Mara.
The poison arrow hits Mara!!
Mara partially resists.
Mara is poisoned.
Your balrug hits Mara with a +0 demon whip!!
Mara is engulfed in flames.
Mara resists.
Mara blinks!
The balrug gestures at you. Makhleb smites you!
Your blizzard demon hits the balrug! x2
You swap places.
You are covered in liquid flames!
Mara gestures at you. The bolt of fire misses you.
The bolt of fire hits your balrug.
Your balrug completely resists.
Your balrug barely misses the balrug.
The balrug completely misses you.
Mara hits your green death from afar with a +2 demon trident of flaming!!
Mara burns your green death!
Your green death dies!
You are feeling hungry.
You slice the balrug!! You freeze the balrug!
You kill the balrug!
You are covered in liquid flames!
EnegeticOcto's illusion hits your blizzard demon!!
Your blizzard demon dies!
Mara hits your balrug from afar with a +2 demon trident of flaming!!
EnegeticOcto's illusion closely misses you.
Mara completely misses you.
You hit Mara. You freeze Mara.
Mara is lightly wounded.
You barely miss EnegeticOcto's illusion.
Your balrug hits Mara with a +0 demon whip!
Mara is engulfed in flames.
Mara resists.
Mara hits your balrug from afar with a +2 demon trident of flaming!!
EnegeticOcto's illusion hits you! EnegeticOcto's illusion freezes you.
Mara hits you with a +2 demon trident of flaming!
Mara burns you.
Mara blinks!
You hit Mara. You freeze Mara.
Mara is moderately wounded.
You hit EnegeticOcto's illusion but do no damage.
Your balrug hits Mara with a +0 demon whip!
Mara is engulfed in flames.
Mara resists.
Mara completely misses your balrug. EnegeticOcto's illusion hits you!
EnegeticOcto's illusion freezes you.
Mara says, "Thou art lean, ill-favoured, death is in thy neighbourhood!"
Mara gestures at you. The bolt of fire misses you.
You are too injured to fight recklessly!
You are too injured to fight recklessly!
You are too injured to fight recklessly!
You are too injured to fight recklessly!
You are too injured to fight recklessly!
You are too injured to fight recklessly!
You are too injured to fight recklessly!
You are too injured to fight recklessly!
You are too injured to fight recklessly!
You are too injured to fight recklessly!
You are too injured to fight recklessly!
You are too injured to fight recklessly!
You are too injured to fight recklessly!
You are too injured to fight recklessly!
You are too injured to fight recklessly!
You are too injured to fight recklessly!
You are too injured to fight recklessly!
Are you sure you want to abandon this character and quit the game? (Confirm with "yes".)
Okay, then.
Are you sure you want to abandon this character and quit the game? (Confirm with "yes".)

≈ ,,,
≈,..≈#####).≈≈≈≈.##### ≈
**,.....
##...##(((≈≈≈.#.P, .....
#≈.$..#)≈(≈≈≈.... ,
......#..[..#)≈)≈≈≈≈...,
,
......*≈m...#.≈≈≈≈≈≈P###
, ,......#
≈).##(≈≈≈≈≈≈≈.. ,
.......##)##.≈≈≈≈≈≈≈≈≈. ,
≈ ≈≈≈
........†≈§≈≈≈≈≈≈≈≈≈..≈≈
≈ ≈
≈.....@@.≈≈≈≈.≈≈≈≈≈≈≈/. ≈
≈
≈≈≈.....R2...........≈≈.#
≈ ≈
≈..P...P.§.RP....###.≈.#*
≈ ≈ ..P...RPP.......# ##.
, ≈≈ ≈ ...P............#
≈ ≈......P.≈≈P....# * , ≈
≈PP....##≈P..#### *, ≈ ≈≈
P≈≈≈... ....## * , ≈≈ ≈≈
≈,, *


You could see 3 Maras, EnegeticOcto's illusion and a friendly balrug.

Vanquished Creatures
  Bai Suzhen (Shoals:3)
  Donald (Shoals:1)
  A ghost moth (Spider:4)
  4 emperor scorpions (Spider:4)
  An entropy weaver (Spider:4)
  3 spark wasps
  2 merfolk javelineers
  A dire elephant (D:15)
  Josephine (D:15)
  3 merfolk impalers
  Harold (D:9)
  A merfolk avatar (Shoals:4)
  A catoblepas (Lair:6)
  A two-headed ogre (D:12)
  6 hydras
  4 centaur warriors
  A merfolk aquamancer (Shoals:3)
  2 dancing weapons (D:14)
  4 death yaks (Lair:6)
  2 satyrs
  Urug (Lair:4)
  A deep troll shaman (Lair:6)
  The ghost of kae the Grappler, a novice DrTm of Wu Jian (D:7)
  Sonja (Lair:4)
  2 unseen horrors
  6 sea snakes
  A lindwurm (Lair:6)
  Pikel (D:6)
  2 wizards
  4 ugly things
  10 wolf spiders
  2 oklob plants (D:10)
  2 orb spiders (Spider:4)
  9 fauns
  2 cyclopes
  A moth of wrath (Spider:4)
  11 merfolk sirens
  10 manticores
  3 elephants (Lair:6)
  Psyche (D:8)
  A water nymph (Shoals:3)
  A black mamba (Lair:6)
  8 spiny frogs
  A gargoyle (D:13)
  Maggie (D:6)
  2 efreet
  8 rime drakes
  6 komodo dragons
  2 demonic crawlers
  13 jumping spiders
  A tengu conjurer (D:15)
  A guardian mummy (D:11)
  10 merfolk
  6 trolls
  6 hornets
  8 polar bears
  8 blink frogs
  Grinder (D:6)
  6 snapping turtles
  4 wind drakes
  14 slime creatures
  5 dream sheep
  12 hippogriffs
  A meliai zombie (D:15)
  26 redbacks
  2 vampires
  11 tarantellas
  4 wyverns
  A shadow (D:12)
  4 water elementals
  7 wraiths
  3 basilisks
  47 yaks
  3 hungry ghosts
  10 steam dragons (Lair:2)
  Grum (D:8)
  3 wargs (D:10)
  A soldier ant (D:10)
  9 water moccasins
  5 acid dragons
  8 porcupines
  7 black bears
  3 sky beasts
  8 orc warriors
  A necrophage (D:7)
  An eye of draining (D:12)
  A slave (D:6)
  11 ice beasts
  9 ogres
  A phantom (D:12)
  20 wolves
  18 centaurs
  10 crocodiles
  2 big kobolds
  23 bullfrogs
  A wyvern zombie (D:11)
  A wyvern skeleton (D:13)
  5 scorpions
  23 wights
  3 howler monkeys
  8 crimson imps
  6 centaur zombies
  A quasit (D:8)
  7 hounds
  A bullfrog skeleton (D:12)
  11 jellies
  A gnoll shaman (D:5)
  6 orc priests
  15 orc wizards
  A centaur skeleton (D:12)
  4 iguanas
  10 worker ants
  A hound zombie (D:9)
  2 hound skeletons (D:6)
  A howler monkey zombie (D:7)
  6 adders
  4 gnolls (D:5)
  2 shadow imps
  21 oozes
  A spectral adder (D:7)
  An adder skeleton (D:7)
  A dart slug (D:2)
  2 worms
  5 leopard geckos
  39 orcs
  4 bats
  6 giant cockroaches
  3 goblins
  A hobgoblin (Bailey)
  4 jackals (D:4)
  7 kobolds
  2 quokkas
  4 frilled lizards
  6 hobgoblin zombies (D:6)
  3 kobold zombies (D:6)
  A leopard gecko skeleton (D:4)
  2 orc skeletons (D:6)
  3 rats
  7 fungi
  8 plants
749 creatures vanquished.

Vanquished Creatures (collateral kills)
  Ilsuiw (Shoals:3)
  A ghost moth (Spider:4)
  A spark wasp (Spider:4)
  2 merfolk impalers
  A hydra (D:11)
  A merfolk avatar (Shoals:1)
  4 wolf spiders
  A harpy (Shoals:4)
  8 orb spiders
  2 manticores
  A salamander (D:15)
  2 merfolk sirens
  2 jumping spiders
  A troll (D:11)
  6 merfolk
  A hippogriff (D:11)
  A water elemental (Shoals:4)
  5 tarantellas
  A wyvern (D:11)
  4 redbacks
  3 ice beasts (D:11)
  A sky beast (D:11)
  A crocodile (D:11)
  2 electric eels (Spider:4)
  A worker ant (D:11)
  A quokka (D:11)
  2 plants (Shoals:4)
57 creatures vanquished.

Vanquished Creatures (others)
  Nikola (Shoals:1)
  3 rime drakes (Lair:2)
  A steam dragon (Lair:2)
  A crocodile (Lair:2)
  An orc (D:6)
  A quokka (D:6)
  2 fungi
  3 plants
  11 toadstools (Lair:3)
24 creatures vanquished.

Grand Total: 830 creatures vanquished

Notes
Turn   | Place    | Note
-------+----------+-------------------------------------------
     0 | D:1      | EnegeticOcto the Deep Dwarf Fighter began the quest for the
                  | Orb.
     0 | D:1      | Reached XP level 1. HP: 20/20 MP: 1/1
    89 | D:2      | Reached XP level 2. HP: 28/28 MP: 2/2
   335 | D:2      | Reached XP level 3. HP: 31/34 MP: 3/3
   549 | D:3      | Reached skill level 1 in Dodging
   549 | D:3      | Reached XP level 4. HP: 29/42 MP: 4/4
   598 | D:4      | Noticed an ogre
   603 | D:4      | Noticed a sky beast
   608 | D:4      | Reached XP level 5. HP: 39/50 MP: 5/5
   617 | D:4      | Killed an ogre
   625 | D:4      | Killed a sky beast
   625 | D:4      | Reached XP level 6. HP: 57/57 MP: 3/3
   716 | D:4      | Found a sparkling altar of Nemelex Xobeh.
  1100 | D:5      | Entered Level 5 of the Dungeon
  1100 | D:5      | Found a transporter.
  1111 | D:5      | Reached XP level 7. HP: 48/66 MP: 4/4
  1144 | D:5      | Found a staircase to the Ecumenical Temple.
  1157 | D:5      | Reached skill level 5 in Axes
  1162 | Temple   | Entered the Ecumenical Temple
  1217 | Temple   | Became a worshipper of Makhleb the Destroyer
  1268 | D:5      | Found a transporter.
  1276 | D:5      | Found a one-way gate to the infinite horrors of the Abyss.
  1276 | D:5      | Noticed Esekla's ghost (amateur DEWz)
  1309 | D:5      | Reached skill level 5 in Fighting
  1309 | D:5      | Reached skill level 1 in Invocations
  1367 | D:5      | Reached skill level 5 in Armour
  1400 | D:5      | Found an opulent altar of Gozag.
  1889 | D:6      | Found a transporter.
  1893 | D:6      | Found a glowing golden altar of the Shining One.
  1899 | D:6      | Reached * piety under Makhleb
  1917 | D:6      | Reached XP level 8. HP: 74/74 MP: 5/5
  1961 | D:6      | Reached skill level 5 in Shields
  2050 | D:6      | Noticed Grinder
  2054 | D:6      | Paralysed by Grinder for 3 turns
  2067 | D:6      | Killed Grinder
  2193 | D:6      | Found a transporter.
  2257 | D:6      | Noticed Maggie
  2285 | D:6      | Killed Maggie
  2345 | D:6      | Noticed Pikel
  2367 | D:6      | Killed Pikel
  2367 | D:6      | Gained mutation: You passively map the area around you.
                  | [Deep Dwarf growth]
  2367 | D:6      | Reached XP level 9. HP: 85/85 MP: 5/7
  2531 | D:6      | Reached ** piety under Makhleb
  2703 | D:7      | You fall into a shaft and drop 2 floors!
  2793 | D:9      | Reached skill level 5 in Dodging
  2806 | D:9      | Reached skill level 5 in Invocations
  2811 | D:9      | Reached XP level 10. HP: 94/94 MP: 6/6
  2869 | D:9      | Found a sacrificial altar of Ru.
  2984 | D:8      | You fall into a shaft and drop 3 floors!
  3029 | D:10     | Entered Level 10 of the Dungeon
  3041 | D:10     | Found Ybruh's Gadget Shoppe.
  3061 | D:10     | Noticed an oklob plant
  3065 | D:10     | Found a staircase to the Lair.
  3162 | D:8      | Found a radiant altar of Vehumet.
  3215 | D:8      | Found a glowing golden altar of the Shining One.
  3263 | D:8      | Found an iron altar of Okawaru.
  3303 | D:8      | Noticed Grum
  3323 | D:8      | Killed Grum
  3453 | D:7      | Found a stormy altar of Qazlal.
  3475 | D:7      | Found a transporter.
  3567 | D:7      | Found a transporter.
  3567 | D:7      | Noticed kae's ghost (novice DrTm)
  3636 | D:7      | Found a shattered altar of Ashenzari.
  3648 | D:7      | Reached *** piety under Makhleb
  4084 | D:7      | Killed kae's ghost
  4525 | D:8      | Noticed Psyche
  4533 | D:8      | Killed Psyche
  4609 | D:9      | Noticed Harold
  4620 | D:9      | Killed Harold
  4620 | D:9      | Reached XP level 11. HP: 90/104 MP: 9/9
  4857 | D:11     | Noticed a five-headed hydra
  4872 | D:11     | Reached skill level 10 in Axes
  4873 | D:11     | Killed a ten-headed hydra
  4914 | D:11     | Found a huge runed translucent gate.
  4916 | D:11     | Found a huge runed translucent gate.
  4917 | D:11     | Found a huge runed translucent gate.
  5121 | D:11     | Found a huge runed translucent gate.
  5194 | D:11     | Reached **** piety under Makhleb
  5285 | D:11     | Found a portal to a secret trove of treasure.
  5292 | D:11     | Noticed a reaper
  5351 | D:10     | Found a staircase to the Orcish Mines.
  5497 | D:10     | Noticed an oklob plant
  6159 | D:11     | Reached XP level 12. HP: 116/116 MP: 7/7
  6308 | D:12     | Noticed a two-headed ogre
  6312 | D:12     | Killed a two-headed ogre
  6312 | D:12     | Reached skill level 10 in Fighting
  6518 | D:12     | Reached ***** piety under Makhleb
  6815 | D:12     | You fall into a shaft and drop 3 floors!
  6815 | D:15     | Entered Level 15 of the Dungeon
  7345 | D:15     | Noticed Josephine
  7363 | D:15     | Killed Josephine
  7815 | D:15     | Found a staircase to the Depths.
  7815 | D:15     | Noticed a dire elephant
  7838 | D:15     | Killed a dire elephant
  7844 | D:15     | Reached skill level 10 in Invocations
  7844 | D:15     | Reached XP level 13. HP: 104/127 MP: 7/7
  8058 | D:14     | Found a gate to the Vaults.
  8219 | D:14     | Reached skill level 10 in Armour
  8286 | D:14     | Found a flagged portal.
  8306 | Bailey   | Entered a bailey
  8341 | Bailey   | Found a bloodstained altar of Trog.
  8385 | D:14     | Identified a scroll of acquirement
 10212 | Lair:1   | Entered Level 1 of the Lair of Beasts
 10290 | Lair:1   | Reached skill level 10 in Dodging
 10302 | Lair:2   | Reached ****** piety under Makhleb
 10302 | Lair:2   | Gained mutation: You resist negative energy. (rN+) [Deep
                  | Dwarf growth]
 10302 | Lair:2   | Reached XP level 14. HP: 119/139 MP: 8/8
 11178 | Lair:3   | Found a hole to the Spider Nest.
 11563 | Lair:3   | Found a blossoming altar of Fedhas.
 11854 | Lair:4   | Noticed Sonja
 11856 | Lair:4   | Noticed Urug
 11863 | Lair:4   | Killed Sonja
 11876 | Lair:4   | Killed Urug
 11963 | Lair:4   | Found a staircase to the Shoals.
 13413 | Lair:6   | Entered Level 6 of the Lair of Beasts
 13484 | Lair:6   | Found a viscous altar of Jiyva.
 13484 | Lair:6   | Found a staircase to the Slime Pits.
 13733 | Lair:6   | Reached skill level 15 in Axes
 13798 | Lair:6   | Reached XP level 15. HP: 131/152 MP: 9/9
 14260 | Spider:1 | Entered Level 1 of the Spider Nest
 14740 | Spider:3 | Paralysed by a hornet for 1 turns
 14773 | Spider:3 | Reached skill level 15 in Fighting
 15007 | Spider:4 | Entered Level 4 of the Spider Nest
 15453 | Spider:4 | Killed a ghost moth
 15479 | Spider:4 | Killed a ghost moth
 15496 | Spider:4 | Got a gossamer rune of Zot
 15795 | Shoals:1 | Entered Level 1 of the Shoals
 15859 | Shoals:1 | Noticed Nikola
 15862 | Shoals:1 | Noticed Donald
 15879 | Shoals:1 | Killed Nikola
 15887 | Shoals:1 | Killed Donald
 15904 | Shoals:1 | Reached XP level 16. HP: 91/165 MP: 8/8
 16600 | Shoals:2 | Found Kyov's Armour Boutique.
 16686 | Shoals:3 | Found Gemaruil's Book Boutique.
 16686 | Shoals:3 | Noticed Ilsuiw
 16713 | Shoals:3 | Killed Ilsuiw
 16788 | Shoals:3 | Found Enim's Gadget Emporium.
 16801 | Shoals:3 | Noticed Bai Suzhen
 16821 | Shoals:3 | Killed Bai Suzhen
 16900 | Shoals:4 | Entered Level 4 of the Shoals
 17028 | Shoals:4 | Noticed Mara
 17035 | Shoals:4 | Noticed EnegeticOcto's illusion
 17060 | Shoals:4 | Noticed EnegeticOcto's illusion
 17066 | Shoals:4 | Quit the game

Levels and vault maps discovered:
D:1:      eino_arrival_cavern_a, layout_basic
D:2:      layout_loops_ring, hangedman_decor_riveting
D:3:      layout_basic, xom_redecorated, first_ration
D:4:      layout_rooms, nemelex_altar_shiori
D:5:      layout_cave_pools, grunt_gozag_breadcrumbs, temple_green,
          gammafunk_ghost_abyssal_escape
D:6:      gammafunk_steamed_eel, layout_loops_cross,
          nicolae_tso_besieged_by_evil, uniq_pikel, uniq_maggie, uniq_grinder
D:7:      layout_cave_pods, cheibrodos_ashenzari_chains, old_standard_altar,
          gammafunk_ghost_mausoleum
D:8:      layout_gridville, old_standard_altar, okawaru_metal_pillars_1_2,
          basic_altar, uniq_psyche, uniq_grum
D:9:      wander_river, layout_rooms, kennysheep_little_box, uniq_harold
D:10:     layout_rooms, dpeg_oklobed_lair, minmay_orc_entry_guard_dogs,
          serial_shops, shop_statue
D:11:     lemuel_bear_cage, layout_irregular_city,
          portal_ice_cave_entry_ice_beasts, nicolae_trove_entry_path_of_doom
D:12:     layout_roguey
D:13:     layout_grid_maze
D:14:     layout_basic, erik_vaults_1, enter_bailey_2, minmay_splitting_lines,
          hangedman_little_slice_of_home
D:15:     hangedman_depths_entry_try_elsewhere_first, layout_basic,
          minmay_misc_feat_tower, grunt_ministairs_2, uniq_josephine
Temple:   dshaligram_water_room_temple
Lair:1:   layout_chaotic_city, grunt_megastairs_2
Lair:2:   lemuel_slime, layout_hall_layers, minivault_11,
          small_statue_intersection, bobbens_dragon_lair_wall
Lair:3:   layout_long_grid, spider_nest_entry_rubble, tgw_fedhas
Lair:4:   layout_hall_layers, minmay_shoals_entry_lonely_mermaid, uniq_sonja,
          uniq_urug
Lair:5:   layout_regular_city, eino_small_chamber_without_monster,
          beast_lair_carwin_1, lemuel_fruit_fields, grunt_megastairs_5,
          lemuel_fruit_fields, serial_bayou_shore_b, minmay_lair_oklob_chamber
Lair:6:   grunt_lair_end_beastmaster, layout_concentric_octagons, slime_altar_1,
          infiniplex_staircase_pool_2
Shoals:1: layout_shoals, uniq_donald, uniq_nikola
Shoals:2: cheibrodos_shoals_baths, layout_shoals, serial_shops, shop
Shoals:3: layout_shoals, serial_shops, shop, shop, shop, uniq_bai_suzhen,
          uniq_ilsuiw, uniq_polyphemus
Shoals:4: shoals_end_simple, layout_shoals, shoals_ilsuiw_alternative,
          serial_shops, shop, uniq_mara
Spider:1: layout_chambers
Spider:2: layout_spider_delve, hangedman_spider_tarantella_strand
Spider:3: layout_chambers, spiders_nest_the_unseen
Spider:4: spider_rune_water

Skill      XL: |  1  2  3  4  5  6  7  8  9 10 11 12 13 14 15 16 |
---------------+-------------------------------------------------+-----
Fighting       | 3 4 5 6 7 8 9 11 12 14 15 16 | 16.3
Axes           | 3 4 5 7 8 9 11 12 13 15 16 | 16.9
Dodging        | 1 2 3 4 5 6 7 8 10 11 12 | 12.4
Armour         | 4 5 6 7 8 9 10 11 12 | 12.9
Shields        | 4 5 6 7 |  7.1
Invocations    | 1 4 5 6 8 10 11 12 13 14 | 14.1

Action                   |  1- 3 |  4- 6 |  7- 9 | 10-12 | 13-15 | 16-18 || total
-------------------------+-------+-------+-------+-------+-------+-------++-------
Melee: War axe           |    70 |    75 |   280 |   186 |       |       ||   611
       Battleaxe         |       |       |       |   499 |  1115 |   276 ||  1890
Invok: Lesser Servant of |       |       |       |     4 |    18 |     9 ||    31
       Greater Servant o |       |       |       |       |     6 |     5 ||    11
 Abil: Heal Wounds       |       |     6 |    15 |    25 |    24 |    19 ||    89
  Use: Scroll            |       |       |    13 |     8 |    12 |     7 ||    40
       Potion            |       |       |       |       |     4 |     2 ||     6
 Stab: Petrified         |       |       |       |       |     4 |       ||     4
       Invisible         |       |       |       |       |    14 |       ||    14
       Confused          |       |       |       |       |     3 |       ||     3
       Distracted        |       |       |       |       |     2 |     2 ||     4
  Eat: Chunk             |       |     1 |     4 |    17 |    25 |     4 ||    51
       Ration            |       |       |     1 |     1 |     1 |       ||     3
Armor: Scale mail        |    39 |    63 |    27 |       |       |       ||   129
       Chain mail        |       |       |   118 |   498 |  1019 |    31 ||  1666
       Plate armour      |       |       |       |       |    55 |   157 ||   212
       Storm dragon scal |       |       |       |       |       |    56 ||    56
Dodge: Dodged            |    30 |    43 |    90 |   465 |  1069 |   304 ||  2001
Block: Kite shield       |    40 |    62 |   183 |    97 |       |       ||   382

Table legend:
 A = Non-vault XP
 B = Vault XP
 C = Vault XP percentage of total XP
 D = Non-vault monster count
 E = Vault monster count
 F = Vault count percentage of total count
                 A         B        C        D         E       F
            +---------+---------+-------+---------+---------+-------
      Total |  120624 |   71585 |  37.2 |     577 |     217 |  27.3
            +---------+---------+-------+---------+---------+-------
        D:1 |       7 |       0 |   0.0 |       4 |       0 |   0.0
        D:2 |      51 |       0 |   0.0 |      14 |       0 |   0.0
        D:3 |      51 |       0 |   0.0 |       5 |       0 |   0.0
        D:4 |     600 |       0 |   0.0 |      27 |       0 |   0.0
        D:5 |     619 |       0 |   0.0 |      26 |       0 |   0.0
        D:6 |    1188 |    1419 |  54.4 |      26 |      15 |  36.6
        D:7 |    1430 |    1194 |  45.5 |      20 |       4 |  16.7
        D:8 |     299 |     876 |  74.6 |       7 |       4 |  36.4
        D:9 |    2274 |     992 |  30.4 |      18 |       1 |   5.3
       D:10 |     907 |    1558 |  63.2 |      13 |       5 |  27.8
       D:11 |    4242 |    5297 |  55.5 |      35 |      26 |  42.6
       D:12 |    6416 |       0 |   0.0 |      47 |       0 |   0.0
       D:13 |   12230 |       0 |   0.0 |      40 |       0 |   0.0
       D:14 |    7930 |    2238 |  22.0 |      33 |      11 |  25.0
       D:15 |    6704 |    4048 |  37.6 |      21 |      10 |  32.3
     Lair:1 |     667 |     243 |  26.7 |       5 |       2 |  28.6
     Lair:2 |    6015 |    5678 |  48.6 |      26 |      45 |  63.4
     Lair:3 |    2366 |     219 |   8.5 |      12 |       1 |   7.7
     Lair:4 |    5941 |    2116 |  26.3 |      25 |       3 |  10.7
     Lair:5 |    2576 |    2688 |  51.1 |      10 |      12 |  54.5
     Lair:6 |    4735 |    8434 |  64.0 |      27 |      16 |  37.2
   Shoals:1 |   15203 |    3154 |  17.2 |      35 |       2 |   5.4
   Shoals:2 |    4855 |       0 |   0.0 |       9 |       0 |   0.0
   Shoals:3 |    5538 |    7407 |  57.2 |      14 |       6 |  30.0
   Shoals:4 |    4337 |    5369 |  55.3 |       8 |      13 |  61.9
   Spider:1 |    1101 |       0 |   0.0 |       5 |       0 |   0.0
   Spider:2 |    5830 |     200 |   3.3 |      20 |       1 |   4.8
   Spider:3 |    9100 |       0 |   0.0 |      25 |       0 |   0.0
   Spider:4 |    7412 |   17931 |  70.8 |      20 |      34 |  63.0
     Bailey |       0 |     524 | 100.0 |       0 |       6 | 100.0
            +---------+---------+-------+---------+---------+-------
